 Dungeon Crawl Stone Soup version 0.30-a0-373-gd37427bb62 (webtiles) character file.

Game seed: 6446053735648460484

45 purpskrrrp the Shooter (level 3, -6/29 HPs)
             Began as a Demigod Hunter on Nov 24, 2022.
             Mangled by an ogre
             ... wielding a +0 giant spiked club
              (25 damage)
             ... on level 2 of the Dungeon.
             The game lasted 00:01:15 (858 turns).

purpskrrrp the Shooter (Demigod Hunter)              Turns: 858, Time: 00:01:16

Health: -6/29      AC:  4    Str: 12    XL:     3   Next: 25%
Magic:  5/5        EV: 12    Int: 11    God:
Gold:   63         SH:  0    Dex: 21    Spells: 2/2 levels left

rFire   . . .      SeeInvis .    a - +0 shortbow
rCold   . . .      Faith    .    (shield currently unavailable)
rNeg    . . .      Spirit   .    c - +0 leather armour
rPois   .          Reflect  .    (no helmet)
rElec   .          Harm     .    (no cloak)
rCorr   .          Rampage  .    h - +0 pair of gloves
Will    .....                    (no boots)
Stlth   ++........               (no amulet)
HPRegen 0.24/turn                (no ring)
MPRegen 0.09/turn                (no ring)

@: no status effects
A: high MP 1, forlorn, divine attributes
a: no special abilities


You were on level 2 of the Dungeon.
You visited 1 branch of the dungeon, and saw 2 of its levels.

You collected 63 gold pieces.

Inventory:

Hand Weapons
 a - a +0 shortbow (weapon)
Armour
 c - a +0 leather armour (worn)
 h - a +0 pair of gloves (worn)
Jewellery
 i - a ring of poison resistance
Scrolls
 b - a scroll of immolation
 d - a scroll of fear
 j - a scroll of enchant weapon {unknown}
Potions
 e - a potion of lignification {unknown}
 f - a potion of flight {unknown}
 g - a potion of attraction {unknown}


   Skills:
 + Level 2.3 Fighting
 + Level 3.9 Ranged Weapons
 + Level 2.3 Dodging
 + Level 1.8 Stealth


You had 2 spell levels left.
You didn't know any spells.
Your spell library was empty.

Dungeon Overview and Level Annotations

Branches:
Dungeon (2/15)


Innate Abilities, Weirdness & Mutations

You have an increased reservoir of magic. (+10% MP)
You shall have no god before yourself.
Your divine heritage dramatically boosts your attributes as you level up.


Message History

You shoot an arrow. The arrow hits the hobgoblin.
You kill the hobgoblin!
You shoot an arrow. The arrow barely misses the ogre.
The ogre shouts!
No target in view!
No target in view!
No target in view!
No target in view!
No target in view!
No target in view!
No target in view!
No target in view!
No target in view!
No target in view!
No target in view!
No target in view!
No target in view!
No target in view!
No target in view!
No target in view!
No target in view!
No target in view!
No target in view!
No target in view!
No target in view!
No target in view!
You shoot an arrow. The arrow barely misses the ogre.
You shoot an arrow. The arrow hits the ogre.
The ogre is lightly wounded.
You shoot an arrow. The arrow barely misses the ogre.
You shoot an arrow.
The arrow hits the ogre but does no damage.
The ogre hits you with a +0 giant spiked club!
You shoot an arrow. The arrow hits the ogre!
The ogre is moderately wounded.
You shoot an arrow. The arrow hits the ogre.
The ogre is heavily wounded.
The ogre hits you with a +0 giant spiked club!!
Ouch! That really hurt!
You die...

###### #....# #....# ##
#....# .###### ###....#
.#....# ### #.#....###..
.#.#.## #.###.#.@.......
.....# #.....#..O...?..
.....####.###.#.........
........................
..#..#..#####.######....
### ............... .†..
.. #.#..#..#...#.# #..
.#..###. #.#..#..#.#.#.#
.. .......<
..#..#..#.#.#.#####
....###.


You could see an ogre.

Vanquished Creatures
  A gnoll (D:1)
  3 endoplasms
  2 giant cockroaches (D:1)
  3 goblins
  6 hobgoblins
  4 jackals (D:1)
  4 kobolds
  A quokka (D:1)
  4 ball pythons
  A frilled lizard (D:2)
  A rat (D:1)
30 creatures vanquished.

Notes
Turn   | Place    | Note
-------+----------+-------------------------------------------
     0 | D:1      | purpskrrrp the Demigod Hunter began the quest for the Orb.
     0 | D:1      | Reached XP level 1. HP: 17/17 MP: 3/3
    59 | D:1      | Reached skill level 1 in Stealth
   153 | D:1      | Reached XP level 2. HP: 10/24 MP: 4/4
   734 | D:2      | Noticed an ogre
   736 | D:2      | Reached XP level 3. HP: 29/29 MP: 5/5
   858 | D:2      | Mangled by an ogre

Illustrated notes

Levels and vault maps discovered:
D:1:      matt_arrival_los_fun, layout_loops_ring, amcnicky_mini_pool_small
D:2:      layout_basic, shapermc_ecumenical_altar_mp_highgroup, corexii_shack,
          serial_bayou_lagoon_a, minmay_cut_off, uniq_sigmund

Skill      XL: |  1 |
---------------+----+-----
Stealth        | 1 |  1.8
Fighting       | 2 |  2.3
Dodging        | 2 |  2.3
Ranged Weapons | |  3.9

Action                   || total
-------------------------++-------
 Fire: Shortbow          ||    84
  Use: Scroll            ||     2
Armor: Leather armour    ||     6
Dodge: Dodged            ||    19

Table legend: (Time is in decaauts)
 A = Elapsed time spent in this place.
 B = Non-inter-level travel time spent in this place.
 C = Inter-level travel time spent in this place.
 D = Time resting spent in this place.
 E = Time spent auto-exploring this place.
 F = Levels seen in this place.
 G = Mean time per level.
                   A        B        C        D        E       F      G
               +--------+--------+--------+--------+--------+-----+--------+
         Total |    887 |    864 |     23 |      0 |    688 |   2 |  443.5 |
       Dungeon |    887 |    864 |     23 |      0 |    688 |   2 |  443.5 |
               +--------+--------+--------+--------+--------+-----+--------+

Top non-repeatable levels by time:
     D:1: 775 daAuts
     D:2: 112 daAuts
